[Event "FIDE Zonal 2.5 Open 2019"]
[Site "Montevideo"]
[Date "2019.04.17"]
[Round "7.22"]
[White "Romero, Robert"]
[Black "Moccero, Eduardo"]
[Result "0-1"]
[ECO "B01"]
[WhiteElo "1599"]
[BlackElo "1939"]
[Annotator "NA RC"]
[PlyCount "76"]
[EventDate "2019.04.13"]
[EventType "swiss"]
[EventCountry "URU"]
[SourceTitle "playchess.com"]
[Source "ChessBase"]
[SourceQuality "1"]
[TimeControl "40/5400+30:1800+30"]

1. e4 d5 2. exd5 Qxd5 3. Nc3 Qa5 4. d4 Nf6 5. Bd2 c6 6. Bc4 Bf5 7. Bb3 e6 8. Nf3 Nbd7 {[%emt 0:02:14] B01: Scandinavian Defence} (8... Bb4 9. Qe2 Nbd7 10. h3 Bg6 11. O-O-O O-O-O 12. Kb1 Nd5 13. Nxd5 exd5 14. Bxb4 Qxb4 15. Nh4 Rhe8 16. Qd2 Qxd2 17. Rxd2 Re7 18. Nxg6 hxg6 {0-1 (43) Nguyen,V (2422)-Megaranto,S (2536) Singapore 2008}) 9. Qe2 Qc7 10. h3 (10. Nh4 $5 Bg6 11. O-O-O $11) 10... Be7 11. a3 (11. Nh4 $11) 11... a5 $146 ({Predecessor:} 11... h6 12. O-O-O O-O-O 13. g4 Bg6 14. Ne5 Nxe5 15. dxe5 Nd5 16. f4 Nxc3 17. Bxc3 Rxd1+ 18. Rxd1 {1-0 (35) Berend,E (2365)-Weber,J (2250) Dudelange 1997}) 12. Nh4 Bg6 13. Nxg6 hxg6 14. a4 Rd8 15. O-O-O O-O (15... Nb6 $11) 16. g4 Nb6 17. Bg5 Nbd5 18. Qf3 Nxc3 19. bxc3 b5 20. h4 {[%emt 0:02:23] [#]} bxa4 $1 21. Bxa4 Ba3+ 22. Kd2 c5 23. Bxf6 gxf6 24. Qxf6 $2 (24. h5 $15 cxd4 25. Ke1) 24... cxd4 25. Ke2 Be7 26. Qf3 Qc4+ 27. Qd3 Qxa4 28. Ra1 Qc6 29. Rh3 dxc3 30. Qe3 Rd2+ 31. Ke1 Qg2 32. Qg3 Qxg3 33. Rxg3 Rxc2 34. Rxa5 Rb8 35. Ra1 Rbb2 36. g5 Rxf2 37. h5 Rh2 38. Ra8+ Bf8 0-1

[Event "FIDE Zonal 2.5 Open 2019"]
[Site "Montevideo"]
[Date "2019.04.17"]
[Round "7.23"]
[White "Campora, Edgardo"]
[Black "Pinero, Ismael"]
[Result "0-1"]
[ECO "B33"]
[WhiteElo "1705"]
[BlackElo "1872"]
[Annotator "NA RC"]
[PlyCount "74"]
[EventDate "2019.04.13"]
[EventType "swiss"]
[EventCountry "URU"]
[SourceTitle "playchess.com"]
[Source "ChessBase"]
[SourceQuality "1"]
[TimeControl "40/5400+30:1800+30"]

1. e4 c5 2. Nf3 Nc6 3. d4 cxd4 4. Nxd4 Nf6 5. Nc3 e5 6. Ndb5 d6 7. Bg5 a6 8. Na3 b5 9. Bxf6 gxf6 10. Nd5 Bg7 11. Bd3 Ne7 {[%emt 0:00:35] [#]} 12. Nxe7 $1 Qxe7 13. c3 f5 14. exf5 {[%emt 0:08:43] B33: Sicilian: Pelikan and Sveshnikov Variations} (14. Nc2 f4 15. Qh5 h6 16. Nb4 Be6 17. Nxa6 O-O 18. Nb4 f5 19. O-O fxe4 20. Bxe4 Rac8 21. Rad1 Rc4 22. Qg6 Rxe4 23. Qxe4 {1-0 (40) Caruana,F (2817)-Kamsky,G (2659) Saint Louis 2017}) 14... e4 15. Be2 Bb7 (15... O-O $11 {remains equal.}) 16. Nc2 d5 17. O-O O-O 18. Re1 Be5 $146 ({You set blue moves yourself with the critical opening position annotation.:} 18... Rad8 19. Bg4 Qg5 20. Re3 Be5 21. Rh3 f6 22. Nd4 Bc8 23. Nc6 {1-0 (45) Namyslo,H (2298)-Guski,D (2090) Schwaebisch Gmuend 2003}) (18... b4 $14) 19. f3 $2 (19. a4 $16) 19... Qh4 20. g3 Bxg3 21. hxg3 Qxg3+ 22. Kh1 Qh3+ 23. Kg1 Kh8 24. Bf1 Qg3+ 25. Bg2 {[%emt 0:02:35] [#]} Rg8 $1 26. Qd4+ Rg7 27. Re2 exf3 28. Rf2 fxg2 29. Ne1 f6 30. Rxg2 Qe5 31. Rxg7 Kxg7 32. Qb6 (32. Ng2 $17 {keeps fighting.}) 32... Kh8 33. Qxb7 $2 (33. Ng2 $19 Rg8 34. Rf1) 33... Rg8+ 34. Kf2 Qg3+ 35. Ke2 Re8+ 36. Kd2 Qf2+ 37. Kd3 Re3+ 0-1

[Event "FIDE Zonal 2.5 Open 2019"]
[Site "Montevideo"]
[Date "2019.04.17"]
[Round "7.25"]
[White "Prieto Perez, Rodrigo"]
[Black "Lanaro, Emilio"]
[Result "0-1"]
[ECO "B90"]
[WhiteElo "2037"]
[BlackElo "1694"]
[Annotator "NA RC"]
[PlyCount "44"]
[EventDate "2019.04.13"]
[EventType "swiss"]
[EventCountry "URU"]
[SourceTitle "playchess.com"]
[Source "ChessBase"]
[SourceQuality "1"]
[TimeControl "40/5400+30:1800+30"]

1. e4 c5 2. Nf3 d6 3. d4 cxd4 4. Nxd4 Nf6 5. Nc3 a6 6. Be3 e5 7. Nb3 Be6 8. Nd5 Nxd5 9. exd5 Bf5 10. Be2 Be7 11. O-O O-O 12. Bd3 {[%emt 0:06:02] B92: Sicilian Najdorf: 6 Be2} (12. Qd2 Qc7 13. c4 a5 14. f4 exf4 15. Bxf4 Bg6 16. Nd4 Na6 17. Nb5 Qd8 18. Bd3 Qb6+ 19. Kh1 Rfe8 {½-½ (91) Buscara,S (2432)-Martinez Alcantara,J (2561) Barcelona 2018}) 12... Bg6 $146 ({Predecessor:} 12... Bxd3 13. Qxd3 Nd7 14. f4 Rc8 15. Rad1 Bf6 16. c3 Re8 17. f5 Bg5 18. Nd2 Bxe3+ 19. Qxe3 Nf6 20. Ne4 Nxe4 21. Qxe4 {½-½ (21) Khworostinin,G (2383)-Cherniakhovsky,P (2237) Alushta 1999}) 13. Bxg6 hxg6 14. Qg4 Nd7 15. c4 f5 (15... b5 $11) 16. Qxg6 Rf6 17. Qh5 f4 18. Bd2 Rh6 19. Qf3 Kf7 20. Bc3 Qh8 21. h3 g5 22. g4 $19 (22. Qg4 $14 Qc8 23. Rfe1) 22... Rxh3 0-1

[Event "FIDE Zonal 2.5 Open 2019"]
[Site "Montevideo"]
[Date "2019.04.17"]
[Round "7.26"]
[White "Palacio, Enzo"]
[Black "Avedisian, Alexander"]
[Result "1-0"]
[ECO "B27"]
[WhiteElo "1745"]
[BlackElo "1898"]
[Annotator "NA RC"]
[PlyCount "59"]
[EventDate "2019.04.13"]
[EventType "swiss"]
[EventCountry "URU"]
[SourceTitle "playchess.com"]
[Source "ChessBase"]
[SourceQuality "1"]
[TimeControl "40/5400+30:1800+30"]

1. e4 c5 2. Nf3 g6 3. d4 cxd4 4. Qxd4 Nf6 5. Nc3 Nc6 6. Qa4 d6 7. e5 Ng4 {[%emt 0:05:59] B27: Sicilian: 2 Nf3, unusual Black 2nd moves} (7... dxe5 8. Nxe5 Bd7 9. Nxd7 Qxd7 10. Be2 Bg7 11. O-O O-O 12. Rd1 Qf5 13. Bd3 Qh5 14. Qb5 Qxb5 15. Bxb5 Nb4 16. Ba4 {1-0 (60) Guseinov,G (2664)-Gordievsky,D (2614) St Petersburg 2018}) 8. exd6 exd6 9. Bb5 Bd7 10. O-O Be7 $146 ({Predecessor:} 10... Bg7 11. Bg5 f6 12. Bf4 Nge5 13. Qe4 O-O 14. Rad1 Bf5 15. Qd5+ {1-0 (33) Ferrante,M (2260)-Nielsen,L (1837) Horsens 2017}) 11. Bxc6 bxc6 12. h3 Ne5 13. Nxe5 dxe5 14. Bh6 Bf8 (14... Qc7 $16 {might work better.}) 15. Qe4 f6 16. Bxf8 Kxf8 17. f4 exf4 (17... Qb6+ $16 18. Kh1 Bf5) 18. Qxf4 Kg7 19. Rad1 Rf8 20. Ne4 f5 21. Nc5 $18 Rf7 22. Qd4+ Kg8 23. Nxd7 Qg5 24. Rfe1 f4 25. Re5 Qg3 26. Rde1 Raf8 27. Nxf8 f3 28. Qf2 Qf4 29. Ne6 Qb4 30. Ng5 1-0

[Event "FIDE Zonal 2.5 Open 2019"]
[Site "Montevideo"]
[Date "2019.04.17"]
[Round "7.27"]
[White "Fein, Jorge"]
[Black "Reolon, Victor"]
[Result "0-1"]
[ECO "B90"]
[WhiteElo "1648"]
[BlackElo "1659"]
[Annotator "NA RC"]
[PlyCount "72"]
[EventDate "2019.04.13"]
[EventType "swiss"]
[EventCountry "URU"]
[SourceTitle "playchess.com"]
[Source "ChessBase"]
[SourceQuality "1"]
[TimeControl "40/5400+30:1800+30"]

1. e4 c5 2. Nf3 d6 3. d4 cxd4 4. Nxd4 Nf6 5. Nc3 a6 6. Bc4 e6 7. O-O Be7 8. h3 O-O 9. Kh1 Nc6 10. Nxc6 bxc6 11. Re1 d5 12. Bd3 d4 13. Ne2 c5 14. e5 Nd5 15. Ng3 f5 16. f4 Bh4 17. Kh2 Qe8 18. Rf1 Bb7 19. Qe2 Rc8 20. Bxa6 Bxa6 21. Qxa6 c4 22. Qa3 c3 23. Rf3 Qb5 24. bxc3 Rxc3 25. Rxc3 Nxc3 26. Qd6 Bxg3+ 27. Kxg3 Ne4+ 28. Kh2 Nxd6 29. exd6 Qf1 30. a4 Rd8 31. Rb1 Rxd6 32. Rb8+ Kf7 33. Rb7+ Kg6 34. Ba3 Qxf4+ 35. Kg1 Qe3+ 36. Kh1 Qxa3 0-1

[Event "FIDE Zonal 2.5 Open 2019"]
[Site "Montevideo"]
[Date "2019.04.18"]
[Round "8.5"]
[White "Lopez Azambuja, Nicolas"]
[Black "Peralta, Fernando"]
[Result "0-1"]
[ECO "E11"]
[WhiteElo "2328"]
[BlackElo "2572"]
[Annotator "ChessBase"]
[PlyCount "70"]
[EventDate "2019.04.13"]
[EventType "swiss"]
[EventCountry "URU"]
[SourceTitle "playchess.com"]
[Source "ChessBase"]
[SourceQuality "1"]
[TimeControl "40/5400+30:1800+30"]

1. d4 Nf6 2. c4 e6 3. Nf3 Bb4+ 4. Nbd2 O-O 5. g3 d5 6. Qc2 b6 7. Bg2 Bb7 8. O-O Nbd7 9. b3 Re8 10. Bb2 Rc8 11. Rac1 Bd6 12. Rfd1 Qe7 13. Qb1 Nf8 14. Qa1 a5 15. a3 Red8 16. Nh4 Ng6 17. Nxg6 hxg6 18. Re1 c5 19. dxc5 Bxc5 20. e3 dxc4 21. Bxb7 Qxb7 22. Nxc4 Ne4 23. h4 b5 24. Nxa5 Qd5 25. Bd4 Nd2 26. Red1 Bxd4 27. exd4 Nf3+ 28. Kg2 Nxh4+ 29. Kf1 Qh1+ 30. Ke2 Qe4+ 31. Kf1 Qh1+ 32. Ke2 Qf3+ 33. Kf1 Nf5 34. Kg1 Rxc1 35. Rxc1 Nxd4 0-1

[Event "FIDE Zonal 2.5 Open 2019"]
[Site "Montevideo"]
[Date "2019.04.18"]
[Round "8.9"]
[White "Restuccia, Francisco"]
[Black "Muniz, Rafael"]
[Result "0-1"]
[ECO "B92"]
[WhiteElo "2100"]
[BlackElo "2257"]
[Annotator "ChessBase"]
[PlyCount "70"]
[EventDate "2019.04.13"]
[EventType "swiss"]
[EventCountry "URU"]
[SourceTitle "playchess.com"]
[Source "ChessBase"]
[SourceQuality "1"]
[TimeControl "40/5400+30:1800+30"]

1. e4 c5 2. Nf3 d6 3. d4 cxd4 4. Nxd4 Nf6 5. Nc3 a6 6. Be2 e5 7. Nb3 Be7 8. O-O O-O 9. Kh1 b6 10. Be3 Bb7 11. f3 b5 12. Qe1 Nbd7 13. a3 Rc8 14. Rd1 Qc7 15. Qf2 d5 16. Nxd5 Nxd5 17. exd5 Nf6 18. c4 bxc4 19. Bb6 Qd6 20. Na5 Bxd5 21. Bxc4 Qe6 22. Bd3 Bd8 23. Bxd8 Rfxd8 24. Rfe1 e4 25. fxe4 Bxe4 26. Bxe4 Nxe4 27. Rxd8+ Rxd8 28. Qe2 Re8 29. Qxe4 Qxe4 30. Rxe4 Rxe4 31. Kg1 Re2 32. b3 Rc2 33. h3 Kf8 34. Kh2 Rc3 35. Kg1 Ke7 0-1

[Event "FIDE Zonal 2.5 Open 2019"]
[Site "Montevideo"]
[Date "2019.04.18"]
[Round "8.10"]
[White "Larrea, Manuel"]
[Black "Adasme Fredes, Mauricio"]
[Result "1-0"]
[ECO "B48"]
[WhiteElo "2230"]
[BlackElo "2086"]
[Annotator "ChessBase"]
[PlyCount "71"]
[EventDate "2019.04.13"]
[EventType "swiss"]
[EventCountry "URU"]
[SourceTitle "playchess.com"]
[Source "ChessBase"]
[SourceQuality "1"]
[TimeControl "40/5400+30:1800+30"]

1. e4 c5 2. Nf3 e6 3. d4 cxd4 4. Nxd4 Nc6 5. Nc3 Qc7 6. Be3 a6 7. Qf3 b5 8. O-O-O Bb7 9. Nxc6 Bxc6 10. Bd3 Nf6 11. Bd4 Be7 12. Qg3 Qxg3 13. hxg3 b4 14. Ne2 Nxe4 15. Bxg7 Rg8 16. Bd4 e5 17. Bxe4 Bxe4 18. Bxe5 Rc8 19. Nd4 Rg5 20. Bf4 Rgc5 21. Rd2 Kf8 22. Bh6+ Ke8 23. Re1 Bd5 24. Nf5 Be6 25. Ng7+ Kd8 26. Rxe6 fxe6 27. Nxe6+ Ke8 28. Nxc5 Rxc5 29. Bf4 Ra5 30. Re2 Kf7 31. Re5 Rxa2 32. Kb1 Ra4 33. b3 Ra3 34. Rxe7+ Kxe7 35. Bd2 a5 36. Bc1 1-0

[Event "FIDE Zonal 2.5 Open 2019"]
[Site "Montevideo"]
[Date "2019.04.18"]
[Round "8.13"]
[White "Dotta, Gian Franco"]
[Black "Rodriguez, Santiago"]
[Result "1/2-1/2"]
[ECO "B01"]
[WhiteElo "1959"]
[BlackElo "2257"]
[Annotator "NA"]
[PlyCount "96"]
[EventDate "2019.04.13"]
[EventType "swiss"]
[EventCountry "URU"]
[SourceTitle "playchess.com"]
[Source "ChessBase"]
[SourceQuality "1"]
[TimeControl "40/5400+30:1800+30"]

1. e4 d5 2. exd5 Nf6 3. d4 Bg4 4. Be2 Bxe2 5. Qxe2 Qxd5 6. Nf3 e6 7. O-O Nc6 8. Nc3 Qh5 {[%emt 0:00:36] B01: Scandinavian Defence} 9. Ne4 O-O-O 10. c3 (10. Ng3 Qd5 11. c4 Qa5 12. Bd2 Qa6 13. Bc3 h5 14. b3 Be7 15. h4 Ng4 16. Rfd1 {1-0 (30) Chigaev,M (2577)-Klepikov,N (2245) St Petersburg 2018}) 10... Nxe4 11. Qxe4 Bd6 12. Re1 $146 ({Predecessor:} 12. Bf4 Bxf4 13. Qxf4 h6 14. Rfe1 Rhe8 15. Ne5 Nxe5 16. Rxe5 Qg6 {½-½ (48) Kovalevskaya,S (2015)-Seymour,J (2029) Millfield 2003}) 12... h6 13. Bf4 Qg4 14. Ne5 Bxe5 15. Bxe5 Qxe4 16. Rxe4 f6 17. Bg3 Rhe8 18. Rae1 Kd7 19. d5 exd5 20. Rxe8 Rxe8 21. Rxe8 Kxe8 22. Bxc7 Kd7 23. Bf4 d4 24. cxd4 Ke6 25. Be3 Kd5 26. Kf1 Nb4 27. a3 Nc6 28. Ke2 Nxd4+ 29. Kd3 Nc6 30. Kc3 b6 31. Bf4 g5 32. Bd2 f5 33. h4 f4 34. hxg5 hxg5 35. g3 Ke4 36. gxf4 gxf4 37. Kc4 (37. a4 $11) 37... a6 38. f3+ Kxf3 39. Kd5 Na5 40. b4 Nb3 {[%emt 0:01:22] [#]} 41. Bxf4 $1 Kxf4 42. Kc6 b5 43. Kb6 Ke4 44. Kxa6 Nd4 45. Ka5 Kd5 (45... Kd3 $5 46. a4 $8 bxa4 47. Kxa4 Nf5 $11) 46. a4 bxa4 $11 47. Kxa4 Kc4 48. b5 Nxb5 1/2-1/2

[Event "FIDE Zonal 2.5 Open 2019"]
[Site "Montevideo"]
[Date "2019.04.18"]
[Round "8.14"]
[White "Carvalho, Guillermo"]
[Black "Viera, Emilio"]
[Result "1/2-1/2"]
[ECO "A04"]
[WhiteElo "2194"]
[BlackElo "2138"]
[Annotator "NA"]
[PlyCount "36"]
[EventDate "2019.04.13"]
[EventType "swiss"]
[EventCountry "URU"]
[SourceTitle "playchess.com"]
[Source "ChessBase"]
[SourceQuality "1"]
[TimeControl "40/5400+30:1800+30"]

1. Nf3 e6 2. g3 f5 3. Bg2 Nf6 4. O-O d5 5. c4 c6 6. d3 dxc4 7. dxc4 Qxd1 8. Rxd1 Nbd7 9. Nd4 Kf7 10. Nc3 Bc5 11. Nb3 Bb6 12. Na4 Bc7 13. Bd2 Nb6 14. Nxb6 axb6 15. Bc3 e5 16. e4 Nxe4 17. Bxe4 fxe4 18. Re1 Bf5 1/2-1/2

[Event "FIDE Zonal 2.5 Open 2019"]
[Site "Montevideo"]
[Date "2019.04.18"]
[Round "8.15"]
[White "El Ters, Antouan"]
[Black "Suarez, Pedro"]
[Result "0-1"]
[ECO "C41"]
[WhiteElo "2181"]
[BlackElo "2019"]
[Annotator "NA RC"]
[PlyCount "110"]
[EventDate "2019.04.13"]
[EventType "swiss"]
[EventCountry "URU"]
[SourceTitle "playchess.com"]
[Source "ChessBase"]
[SourceQuality "1"]
[TimeControl "40/5400+30:1800+30"]

1. e4 d6 2. Nf3 Nf6 3. Nc3 e5 4. d4 Nbd7 5. Bc4 Be7 6. dxe5 dxe5 7. Qe2 O-O 8. Bg5 c6 9. a4 {[%emt 0:00:39] C41: Philidor Defence} (9. O-O Qc7 10. a4 h6 11. Bd2 Nc5 12. h3 Ne6 13. Be3 Bb4 14. Bd3 Re8 15. Nb1 Nc5 16. Bxc5 Bxc5 {0-1 (36) Nielsen,K (2094)-Semcesen,D (2466) Copenhagen 2015}) 9... h6 $146 ({Predecessor:} 9... Nh5 10. Be3 Qc7 11. O-O-O a6 12. g4 Nf4 13. Bxf4 exf4 14. e5 Nc5 15. Rdg1 b5 16. Ba2 Be6 17. Bxe6 Nxe6 {½-½ (48) Beutel,H (1913)-Reichstein,H (2096) Bayerisch Eisenstein 2016}) 10. Bd2 Bc5 11. Nd1 Qe7 12. Nh4 Nb6 13. Ng6 Qc7 14. Nxf8 Nxc4 15. Qxc4 Bxf8 16. O-O Be6 17. Qe2 Rd8 18. b3 Nxe4 19. Bxh6 Bf5 20. Be3 a5 21. f3 Nc5 22. Qf2 b6 23. Nc3 Rb8 24. Rad1 Ne6 25. Kh1 Bg6 26. Ne4 Be7 27. Qg3 b5 28. c3 Bh7 29. Rd2 bxa4 30. bxa4 Bxe4 31. fxe4 Bc5 32. h3 Bxe3 33. Qxe3 Qb6 34. Qg3 Qc7 35. Rfd1 Nc5 36. Qg5 Rf8 37. Qe3 Qe7 38. Rd6 Nxa4 39. Rxc6 Qb7 40. Rcd6 Qc7 41. Qd2 Qxc3 42. Qd5 Qc5 43. Ra1 (43. Rc6 $142 Qb4 44. Ra1) 43... Qxd5 44. exd5 Nc5 45. Rc6 Nb3 46. Ra3 $18 Nd4 47. Rc5 Rd8 48. Rcxa5 Rd6 49. Ra8+ Kh7 50. R3a5 Nb3 51. Rb5 Nd4 52. Rc5 Nb3 53. Rc3 Nd4 54. Ra5 Kg6 55. Kg1 Ne2+ 0-1

[Event "FIDE Zonal 2.5 Open 2019"]
[Site "Montevideo"]
[Date "2019.04.18"]
[Round "8.17"]
[White "Kropff, Ricardo"]
[Black "Lanzilotta, Marcelo"]
[Result "1-0"]
[ECO "B30"]
[WhiteElo "2220"]
[BlackElo "1972"]
[Annotator "NA"]
[PlyCount "83"]
[EventDate "2019.04.13"]
[EventType "swiss"]
[EventCountry "URU"]
[SourceTitle "playchess.com"]
[Source "ChessBase"]
[SourceQuality "1"]
[TimeControl "40/5400+30:1800+30"]

1. e4 c5 2. Nf3 Nc6 3. Bb5 e6 4. Bxc6 bxc6 5. d3 d5 6. Qe2 Ba6 {[%emt 0:01:02] B30: Sicilian: 2...Nc6 3 Bb5, lines without ...g6} (6... Ne7 7. O-O Ng6 8. c4 Bd6 9. e5 Bc7 10. Nc3 O-O 11. Bg5 f6 12. exf6 gxf6 13. Bh6 Re8 14. Na4 {0-1 (42) Shyam,S (2484)-Kuzubov,Y (2701) Al Ain 2014}) 7. c4 Ne7 8. e5 $146 ({Predecessor:} 8. Nc3 d4 9. Nb1 Ng6 10. e5 Qc7 11. h4 h5 12. Bg5 Be7 13. Bxe7 Nxe7 14. Nbd2 {1-0 (53) Mueller,C (2085)-Heide,G Schwanstetten 1994}) 8... Nf5 9. O-O Rb8 10. b3 Be7 11. Nc3 O-O 12. Ba3 Qa5 13. Na4 Rfe8 14. Qe1 Qxe1 15. Rfxe1 Nd4 16. Rac1 Bc8 17. Bxc5 Nxf3+ 18. gxf3 f6 19. Bxa7 Ra8 20. Bd4 fxe5 21. Bxe5 Rf8 22. Kg2 Bb7 23. cxd5 c5 24. d6 Bd8 25. Nxc5 Bxf3+ 26. Kg1 Bd5 27. Rc2 Rf5 28. Bg3 Bf6 29. Nxe6 Re8 30. Rce2 h5 (30... Bxe6 $142 31. Rxe6 Rxe6 32. Rxe6 Kf7) 31. d7 Rxe6 32. Rxe6 Bxe6 33. Rxe6 Rd5 34. Rd6 Rxd6 35. Bxd6 Bd8 36. d4 Kf7 37. d5 g5 38. h3 g4 39. hxg4 hxg4 40. Kg2 Kg6 41. f3 Kf5 42. b4 1-0

[Event "FIDE Zonal 2.5 Open 2019"]
[Site "Montevideo"]
[Date "2019.04.18"]
[Round "8.18"]
[White "Belmes, Martin"]
[Black "Curia, Santiago Jose"]
[Result "1-0"]
[ECO "C48"]
[WhiteElo "2081"]
[BlackElo "1989"]
[Annotator "NA"]
[PlyCount "55"]
[EventDate "2019.04.13"]
[EventType "swiss"]
[EventCountry "URU"]
[SourceTitle "playchess.com"]
[Source "ChessBase"]
[SourceQuality "1"]
[TimeControl "40/5400+30:1800+30"]

1. e4 e5 2. Nf3 Nf6 3. Nc3 Nc6 4. Bb5 Bc5 5. O-O d6 6. h3 Bd7 7. a3 h6 8. d3 g5 9. Nh2 g4 10. hxg4 Rg8 11. Nd5 Nxg4 12. Qf3 Nxh2 13. Nf6+ Kf8 14. Kxh2 Rg6 15. Nxd7+ Qxd7 16. Bxc6 Qxc6 17. c3 Ke7 18. Be3 Qb6 19. b4 Bxe3 20. fxe3 f6 21. Rad1 Rag8 22. Rf2 Qc6 23. d4 Qa6 24. dxe5 dxe5 25. Qf5 Qxa3 26. Rd5 Qa4 27. Rfd2 Qc6 28. Rd8 {[%emt 0:00:32] Kf8 [%clk 0:24:06] R2d7# [%clk 0:34:34] Kg7 [%clk 0:24:34] Qxg6+ [%clk 0:34:44] Kh8} 1-0

[Event "FIDE Zonal 2.5 Open 2019"]
[Site "Montevideo"]
[Date "2019.04.18"]
[Round "8.19"]
[White "Moccero, Eduardo"]
[Black "Vazquez, Facundo"]
[Result "0-1"]
[ECO "C01"]
[WhiteElo "1939"]
[BlackElo "2009"]
[Annotator "NA"]
[PlyCount "114"]
[EventDate "2019.04.13"]
[EventType "swiss"]
[EventCountry "URU"]
[SourceTitle "playchess.com"]
[Source "ChessBase"]
[SourceQuality "1"]
[TimeControl "40/5400+30:1800+30"]

1. e4 e6 2. d4 d5 3. exd5 exd5 4. c4 Nf6 5. Nc3 Bd6 6. Nf3 dxc4 7. Bxc4 O-O 8. O-O Nc6 9. h3 h6 10. Be3 {[%emt 0:06:47] D20: Queen's Gambit Accepted: 3 e3 and 3 e4} (10. Re1 Bf5 11. a3 Re8 12. Rxe8+ Qxe8 13. Nb5 Qd7 14. Nxd6 Qxd6 15. Qb3 Be6 16. Bxe6 fxe6 17. Bf4 Qd5 18. Qxb7 Nxd4 19. Qxd5 Nxd5 20. Nxd4 Nxf4 {½-½ (59) Zvjaginsev,V (2673)-Popov,I (2596) Moscow 2016}) 10... Bf5 11. Rc1 a6 12. d5 $146 ({Predecessor:} 12. Re1 Qd7 13. a3 Rae8 14. d5 Ne5 15. Be2 Bxh3 16. Nxe5 Bxe5 17. Bd4 Bxd4 18. Qxd4 {0-1 (33) Minko,V (2370)-Lintchevski,D (2516) St Petersburg 2018}) 12... Ne7 13. a4 Bh7 14. Qd2 Bb4 15. Rfd1 Nf5 16. Bb3 Ne4 17. Qe2 Nxe3 18. fxe3 Ng3 19. Qc4 Qe7 20. Re1 Bc5 21. Nd1 b6 22. Bc2 Be4 23. Bxe4 Nxe4 24. Nd4 Rfe8 25. Qd3 Qd6 26. Nf5 Qg6 27. Rf1 Rad8 28. b4 Bd6 29. Rc4 Ng5 30. e4 b5 31. axb5 axb5 32. Rc6 Nxe4 33. Nxd6 cxd6 34. Nc3 Nxc3 35. Qxc3 Re2 36. Qf3 Rb2 37. Rc7 Rf8 38. Rb7 Rxb4 39. Qe2 Rb3 40. Rbxf7 Rxf7 41. Qe8+ Kh7 42. Rxf7 Rxh3 $2 (42... Rb1+ {mates} 43. Kh2 Rb2 44. Rxg7+ Qxg7 45. Qe4+ Kh8 46. h4 Qe5+ 47. Qxe5+ dxe5 48. Kh3 b4 49. Kg4 b3 50. Kf5 Rd2 51. g4 b2 52. g5 b1=Q+ 53. Kf6 Qb6+ 54. Kxe5 Re2+ 55. Kf5 h5 56. g6 Kg7 57. d6 Qxd6 58. Kg5 Qe5#) 43. Qxb5 Rh5 44. Rf3 Qe4 45. Qd3 Qxd3 46. Rxd3 Rf5 47. Kh2 Kg6 48. Kg3 Kf6 49. Kg4 g6 50. Rd1 Ke5 51. g3 Ke4 52. Rd2 h5+ 53. Kh4 Rxd5 54. Re2+ Kf3 55. Re6 g5+ 56. Kxh5 Kxg3 $19 57. Rf6 g4+ 0-1

[Event "FIDE Zonal 2.5 Open 2019"]
[Site "Montevideo"]
[Date "2019.04.18"]
[Round "8.20"]
[White "Rodriguez Farias, Eduardo"]
[Black "Gaye, Gustavo"]
[Result "1-0"]
[ECO "B06"]
[WhiteElo "1898"]
[BlackElo "2000"]
[Annotator "NA"]
[PlyCount "69"]
[EventDate "2019.04.13"]
[EventType "swiss"]
[EventCountry "URU"]
[SourceTitle "playchess.com"]
[Source "ChessBase"]
[SourceQuality "1"]
[TimeControl "40/5400+30:1800+30"]

1. e4 g6 2. d4 Bg7 3. Nf3 c5 4. c3 cxd4 5. cxd4 d5 6. e5 f6 {[%emt 0:00:28] B27: Sicilian: 2 Nf3, unusual Black 2nd moves} (6... Nh6 7. Nc3 O-O 8. h3 f6 9. exf6 Rxf6 10. Bg5 Rf8 11. Bb5 Nf5 12. O-O Nc6 13. Bxc6 bxc6 14. Qd2 {1-0 (31) Vachier Lagrave,M (2780)-Sebenik,M (2540) chess.com INT 2019}) 7. Bb5+ Nc6 8. h3 e6 $146 ({Predecessor:} 8... Nh6 9. O-O O-O 10. Nc3 Nf7 11. exf6 exf6 12. Re1 g5 13. b3 Qa5 14. Bd2 g4 15. hxg4 Bxg4 16. Be2 Rad8 17. Nh4 Bxe2 18. Nxe2 Qc7 19. Nf4 Ng5 20. Nf5 Qd7 21. Qg4 Nxd4 22. Ne7+ Kh8 23. Qh5 {1-0 (23) Stefansson,H (2530)-Manik,M (2407) Pardubice 2017}) 9. O-O Nge7 10. exf6 Bxf6 11. Bxc6+ Nxc6 12. Bh6 Qb6 13. Nc3 Bd7 14. Na4 Qd8 15. Re1 Kf7 16. Nc5 b6 17. Nd3 Re8 18. Rc1 Rc8 19. Nfe5+ Kg8 20. Qg4 Nxe5 21. dxe5 Rxc1 22. Rxc1 Bg7 23. Bg5 Qb8 24. f4 Rc8 25. Rf1 Rc4 26. Bf6 Qf8 27. Qg5 Bb5 28. Rf3 Rc2 29. f5 (29. Bxg7 $11 Qxg7 30. Nf2) 29... exf5 (29... Bh6 $15 30. Qh4 exf5) 30. Bxg7 Kxg7 31. Nf4 Rc6 32. e6 Rc7 33. Re3 $14 Qc5 34. Nh5+ Kg8 35. Qd8+ 1-0

[Event "FIDE Zonal 2.5 Open 2019"]
[Site "Montevideo"]
[Date "2019.04.18"]
[Round "8.21"]
[White "Pinero, Ismael"]
[Black "Zaruski, Julio"]
[Result "1-0"]
[ECO "B77"]
[WhiteElo "1872"]
[BlackElo "1842"]
[Annotator "NA RC"]
[PlyCount "185"]
[EventDate "2019.04.13"]
[EventType "swiss"]
[EventCountry "URU"]
[SourceTitle "playchess.com"]
[Source "ChessBase"]
[SourceQuality "1"]
[TimeControl "40/5400+30:1800+30"]

1. e4 c5 2. Nf3 g6 3. d4 Bg7 4. Nc3 cxd4 5. Nxd4 Nc6 6. Be3 d6 7. Qd2 Nf6 8. f3 O-O 9. Bc4 e6 10. O-O-O d5 11. exd5 exd5 12. Bb3 Na5 {[%emt 0:01:47] B77: Sicilian Dragon: Yugoslav Attack, 9 Bc4 sidelines} 13. Nde2 $146 ({Predecessor:} 13. Bg5 Nc4 14. Bxc4 dxc4 15. Rhe1 Qb6 16. Qf4 Rd8 17. Ndb5 Be6 18. Bxf6 Bxf6 19. Qxf6 a6 20. Nd4 Rd6 21. Nxe6 Rxd1+ 22. Nxd1 {1-0 (22) Fedotov,I (1969)-Naumov,F (2098) Kazan 2008}) 13... Nxb3+ 14. axb3 Re8 15. Bg5 Be6 16. Rhe1 Qa5 17. Kb1 d4 18. Nxd4 Rad8 19. Bxf6 Bxf6 20. Ne4 Qe5 21. Nxf6+ Qxf6 22. Qf2 Bd7 23. Rxe8+ Rxe8 24. Rd2 Re5 25. Ne2 Qe7 26. Nc3 b6 27. Re2 f6 28. f4 Rxe2 29. Qxe2 Qxe2 30. Nxe2 Kf7 31. Kc1 Ke6 32. Kd2 Kf5 33. Ke3 Kg4 34. h3+ Kh4 35. Kf2 Bc6 36. Nd4 Bd7 37. Nf3+ $2 (37. b4 $18 {is more deadly.}) 37... Kh5 38. c4 Kh6 39. b4 Kg7 40. Nd4 Kf7 41. Ke3 Ke7 42. c5 bxc5 43. bxc5 a5 44. Ke4 h5 45. Kd5 g5 46. fxg5 fxg5 47. Nc6+ Kf6 48. Ne5 Bb5 49. c6 Bf1 50. g4 hxg4 51. hxg4 Ke7 52. Nc4 Be2 {[%emt 0:01:17] [#]} 53. Ne3 $1 a4 54. Kc5 Kd8 $11 55. Kb6 Kc8 (55... Ke7) 56. Kc5 Kc7 $2 57. Nd5+ Kb8 {[%emt 0:02:15] [#]} 58. Nf6 (58. Nc3 $142 $1 Bxg4 59. Nxa4) 58... Kc7 59. Ne4 $2 (59. Ne8+ Kb8) 59... Bf3 60. Nxg5 Bxc6 $2 (60... Bxg4 $16 61. Kd5 Kb6) 61. Ne6+ Kd7 {[%emt 0:00:20] [#]} 62. Nf4 $2 (62. Nf8+ $1 $18 Kc7 63. g5) 62... Bf3 63. g5 Ke7 64. Kd4 Kf7 65. Ke5 Bd1 $2 {[%emt 0:00:32] [#]} (65... Bg4 $16) 66. g6+ $1 Kg7 {[%emt 0:00:11] [#]} 67. Kf5 $1 Bc2+ 68. Kg5 Bb3 69. Nh5+ Kg8 70. Kf6 Bc4 71. Ng3 Kf8 72. Nf5 Bb3 73. Ne7 Ke8 74. g7 Kd7 75. Nf5 $18 Bg8 76. Ke5 Bh7 77. Nh6 Kc6 78. Kd4 a3 79. bxa3 Kb5 80. Kc3 Ka4 81. Kb2 Ka5 82. g8=Q Bxg8 83. Nxg8 Ka4 84. Nf6 Ka5 85. Kb3 Ka6 86. Kb4 Ka7 87. Kb5 Kb7 88. Nd5 Ka7 89. a4 Kb7 90. a5 Ka7 91. a6 Kb8 92. Kb6 Ka8 93. Nc7+ 1-0